 Dungeon Crawl Stone Soup version 0.27.0-1-g7a089689b8 (webtiles) character file.

Game seed: 11291982205273133835

896 pkoi the Slasher (level 7, 0/61 HPs)
             Began as a Minotaur Fighter on Aug 10, 2021.
             Was an Elder of Jiyva.
             Slain by a hornet (8 damage)
             ... on level 7 of the Dungeon.
             The game lasted 00:05:13 (6277 turns).

pkoi the Slasher (Minotaur Fighter)                 Turns: 6277, Time: 00:05:14

Health: 0/61       AC: 12    Str: 17    XL:     7   Next: 79%
Magic:  6/6        EV:  4    Int:  9    God:    Jiyva [****..]
Gold:   84         SH: 10    Dex: 11    Spells: 6/6 levels left

rFire    . . .     SeeInvis .   a - +0 long sword (freeze)
rCold    . . .     Faith    .   c - +1 kite shield
rNeg     . . .     Spirit   .   f - +0 plate armour
rPois    .         Reflect  .   (helmet restricted)
rElec    .         Harm     .   (no cloak)
rCorr    +         Rampage  .   (no gloves)
Will     +....                  (no boots)
Stlth    ..........             (no amulet)
HPRegen  0.20/turn              (no ring)
MPRegen  0.10/turn              (no ring)

@: lethally poisoned (0 -> -10), hasted, very quick
A: horns 2, retaliatory headbutt, strong-willed 1, eyeballs 1
a: Renounce Religion, Request Jelly, Slimify


You were on level 7 of the Dungeon.
You worshipped Jiyva.
Jiyva was greatly pleased with you.
You visited 1 branch of the dungeon, and saw 7 of its levels.

You collected 98 gold pieces.
You spent 14 gold pieces at shops.

Inventory:

Hand Weapons
 a - a +0 long sword of freezing (weapon)
Missiles
 e - 3 silver boomerangs
 i - 23 poisoned darts (quivered)
 k - 5 boomerangs
Armour
 c - a +1 kite shield (worn)
 f - a +0 plate armour (worn)
Wands
 g - a wand of mindburst (16)
Potions
 d - a potion of might
 n - a potion of degeneration


   Skills:
 + Level 5.4 Fighting
 * Level 6.1 Long Blades
 + Level 2.9 Throwing
 + Level 5.4 Armour
 + Level 3.3 Dodging
 + Level 5.3 Shields


You had 6 spell levels left.
You didn't know any spells.
Your spell library contained the following spells:

 Spells                   Type           Power      Damage    Failure   Level
 Animate Skeleton         Necr           0%         N/A       100%        1
 Pain                     Necr           0%         1d4       100%        1
 Vampiric Draining        Necr           0%         2d6       100%        3


Dungeon Overview and Level Annotations

Branches:
Dungeon (7/15)
 Temple: D:4-7

Altars:
Okawaru
Jiyva

Shops:
D:4 !   D:5 *


Innate Abilities, Weirdness & Mutations

You have a pair of horns on your head.
You reflexively headbutt those who attack you in melee.
You are strong-willed. (Will+)
Your body has grown golden eyes which may confuse attackers. (Acc +3)


Message History

You hear a splatter.
The hornet stings you but does no damage. x2
You slash the hornet! You freeze the hornet.
The hornet is moderately wounded.
The hornet stings you!
You feel yourself slow down. The hornet stings you!
You feel as though you will be slow longer.
You hit the hornet but do no damage.
You headbutt the hornet, but do no damage.
The hornet is moderately wounded.
The hornet stings you.
You are poisoned.
You suddenly lose the ability to move!
The hornet stings you but does no damage.
You hear a distant slurping noise. x2
The hornet stings you!
You feel as though you will be slow longer.
You can move again.
Unknown command.
You completely miss the hornet.
The hornet is moderately wounded.
You feel yourself speed up.
You feel very sick. The hornet stings you.
You feel yourself slow down.
The hornet stings you but does no damage.
Unknown command.
You barely miss the hornet.
The hornet is moderately wounded.
You feel sick.
The hornet stings you but does no damage.
The hornet stings you!
* * * LOW HITPOINT WARNING * * *
You are lethally poisoned!
You feel as though you will be slow longer.
You block the hornet's attack.
It was a potion of haste.
You feel yourself speed up.
You feel yourself speed up.
* * * LOW HITPOINT WARNING * * *
You feel very sick. The hornet stings you!
You die...

..............#
#...##..####+#
#...##..###...
#....#....#...
#######....#....#...
#...............#...
#....###.###....#...
#....##...#######...
#..@.##...# .....
#..y.##...# .....
#....#....# .###
#....#....# #..
.....###### #..
.#.#### #.. .... #..
..... #.. #..


You could see a hornet.

Vanquished Creatures
  An orc warrior (D:7)
  An ice beast (D:5)
  An ogre (D:6)
  A necrophage (D:4)
  A centaur (D:7)
  A kobold brigand (D:7)
  A scorpion (D:5)
  A howler monkey (D:4)
  A bullfrog zombie (D:6)
  A bullfrog skeleton (D:5)
  An orc priest (D:7)
  2 iguanas (D:5)
  A centaur skeleton (D:5)
  An orc wizard (D:5)
  3 gnolls (D:5)
  4 adders
  3 worms
  15 orcs
  2 giant cockroaches
  3 goblins
  4 hobgoblins
  4 jackals (D:1)
  13 kobolds
  2 quokkas
  7 ball pythons
  6 bats
  A frilled lizard (D:1)
  3 rats (D:2)
85 creatures vanquished.

Vanquished Creatures (others)
  A steam dragon (D:6)
  A black bear (D:6)
  An ice beast (D:5)
  A centaur (D:6)
  A bullfrog (D:7)
  A scorpion (D:6)
  12 jellies
  2 orc priests (D:6)
  A gnoll shaman (D:7)
  5 iguanas
  2 orc wizards
  13 gnolls
  A howler monkey skeleton (D:6)
  2 adders
  A white imp (D:6)
  A worm (D:3)
  A dart slug (D:3)
  An endoplasm (D:3)
  6 orcs
  2 ball pythons
  3 giant cockroaches
  3 hobgoblins
  4 jackals (D:1)
  3 quokkas
  A bat (D:3)
  4 frilled lizards
  2 goblins
  A kobold (D:1)
  A rat (D:3)
78 creatures vanquished.

Grand Total: 163 creatures vanquished

Notes
Turn   | Place    | Note
-------+----------+-------------------------------------------
     0 | D:1      | pkoi the Minotaur Fighter began the quest for the Orb.
     0 | D:1      | Reached XP level 1. HP: 19/19 MP: 0/0
    24 | D:1      | Found a faded altar of an unknown god.
    33 | D:1      | Reached XP level 2. HP: 26/27 MP: 1/1
    45 | D:1      | Became a worshipper of Jiyva Jekh the Shapeless
    45 | D:1      | Reached * piety under Jiyva
   450 | D:1      | Reached skill level 3 in Long Blades
   678 | D:2      | Reached skill level 1 in Dodging
   998 | D:2      | Reached ** piety under Jiyva
  1021 | D:2      | Reached XP level 3. HP: 33/33 MP: 2/2
  2392 | D:3      | Reached XP level 4. HP: 40/40 MP: 3/3
  2976 | D:4      | Reached skill level 1 in Throwing
  3296 | D:3      | Reached skill level 4 in Long Blades
  3467 | D:4      | Reached *** piety under Jiyva
  3483 | D:4      | Reached XP level 5. HP: 36/46 MP: 4/4
  3535 | D:4      | Noticed a necrophage
  3543 | D:4      | Killed a necrophage
  3631 | D:4      | Found Woppaf's Distillery.
  3639 | D:4      | Bought a potion of degeneration for 14 gold pieces
  3753 | D:4      | Found an iron altar of Okawaru.
  3960 | D:5      | Entered Level 5 of the Dungeon
  3968 | D:5      | Reached XP level 6. HP: 47/53 MP: 5/5
  4077 | D:5      | Gained mutation: Your body has grown golden eyes which may
                  | confuse attackers. (Acc +3) [Jiyva's grace]
  4229 | D:5      | Killed an ice beast
  4335 | D:5      | Reached skill level 5 in Long Blades
  4509 | D:5      | Found Humn's Lightly-Used Armoury.
  4597 | D:5      | Noticed an ice beast
  4608 | D:5      | Killed an ice beast
  4905 | D:6      | Reached skill level 5 in Fighting
  4905 | D:6      | Reached skill level 5 in Armour
  4905 | D:6      | Reached XP level 7. HP: 59/61 MP: 6/6
  4960 | D:6      | Killed a steam dragon
  4991 | D:6      | Reached **** piety under Jiyva
  5203 | D:6      | Reached skill level 5 in Shields
  5927 | D:7      | Gained mutation: You are strong-willed. (Will+) [Jiyva's
                  | grace]
  6082 | D:7      | Reached skill level 6 in Long Blades
  6269 | D:7      | Noticed a hornet
  6274 | D:7      | Paralysed by a hornet for 1 turns
  6277 | D:7      | Slain by a hornet

Illustrated notes

Levels and vault maps discovered:
D:1:      wander_arrival_estate, layout_basic, chequers_ecumenical_altar_island
D:2:      layout_basic, serial_co_window_serial, co_window_paths_b,
          co_window_paths_a, co_window_of_opportunity_a, co_window_paths_a,
          co_window_paths_b, co_window_of_opportunity_a, co_window_corner_a,
          co_window_of_opportunity_a, co_window_corner_a,
          co_window_of_opportunity_c, co_window_2corner, co_window_corner_ca,
          co_window_paths_c, co_window_2corner, co_window_broadway_b,
          co_window_paths_e, glass_columns_a, glass_columns_c, glass_columns_a,
          glass_columns_c
D:3:      minmay_chambers_of_threes, layout_basic, fountainhead,
          patterned_corridor
D:4:      layout_cave_pools, mainiacjoe_overflow_brackets, serial_shops, shop,
          minmay_misc_feat_enclosed
D:5:      layout_basic, minmay_shop_damaged
D:6:      layout_loops_corners, kennysheep_generic_room_10
D:7:      layout_gridville, minmay_temple_entry_proselytizer,
          uniq_prince_ribbit1, uniq_joseph

Skill      XL: |  1  2  3  4  5  6  7 |
---------------+----------------------+-----
Long Blades    | 3 4 5 6 |  6.1
Dodging        | 1 2 3 |  3.3
Shields        | 4 5 |  5.3
Armour         | 4 5 |  5.4
Fighting       | 4 5 |  5.4
Throwing       | 1 2 |  2.9

Action                   |  1- 3 |  4- 6 |  7- 9 || total
-------------------------+-------+-------+-------++-------
Melee: Long sword        |    92 |   111 |    42 ||   245
       Headbutt          |    13 |    27 |    16 ||    56
  Use: Scroll            |       |     4 |       ||     4
       Potion            |       |     1 |     1 ||     2
Armor: Scale mail        |    50 |    40 |     2 ||    92
       Skin              |       |     1 |       ||     1
       Plate armour      |       |       |    44 ||    44
Dodge: Dodged            |    38 |    28 |    12 ||    78
Block: Kite shield       |    64 |    71 |    40 ||   175
       Rpst.: Long sword |     7 |    11 |     6 ||    24
